 Dungeon Sprint DCSS version 0.27-a0-1302-g7736ffe575 (console) character file.

Game seed: 3475117851663018179

551 Banquo the Arsonist (level 7, -1/36 HPs)
             Began as a Deep Elf Fire Elementalist on June 18, 2021.
             Slain by a hellwing (13 damage)
             ... summoned by a kobold demonologist
             ... in the Dungeon (Sprint I: "Red Sonja").
             The game lasted 00:05:01 (670 turns).

Banquo the Arsonist (Deep Elf Fire Elementalist)     Turns: 670, Time: 00:05:01

Health: -1/36      AC:  2    Str:  5    XL:     7   Next: 7%
Magic:  8/21       EV: 12    Int: 22    God:
Gold:   270        SH:  0    Dex: 15    Spells: 14/24 levels left

rFire    . . .     SeeInvis .   f - +0 dagger
rCold    . . .     Faith    .   (no shield)
rNeg     . . .     Spirit   .   a - +0 robe
rPois    .         Reflect  .   (no helmet)
rElec    .         Harm     .   (no cloak)
rCorr    .         Rampage  .   (no gloves)
Will     .....     NoTele   +   (no boots)
Stlth    ++........             (no amulet)
HPRegen  0.12/turn              (no ring)
MPRegen  0.17/turn              (no ring)

@: no status effects
A: no striking features
a: no special abilities


You were in the Dungeon.
You visited 1 branch You collected 270 gold pieces.

Inventory:

Hand Weapons
 f - a +0 dagger (weapon)
Armour
 a - a +0 robe (worn)
Scrolls
 g - a scroll of blinking
Potions
 c - a potion of heal wounds
 e - a potion of magic


   Skills:
 - Level 2.4 Dodging
 - Level 2.4 Stealth
 + Level 9.2 Spellcasting
 * Level 6.0 Conjurations
 * Level 13.5 Fire Magic


You had 14 spell levels left.
You knew the following spells:

 Your Spells              Type           Power      Damage    Failure   Level
a - Foxfire               Conj/Fire      100%       2x1d9     1%          1
b - Fireball              Conj/Fire      26%        3d12      3%          5
s - Sticky Flame          Conj/Fire      52%        2d7       1%          4

Your spell library contained the following spells:

 Spells                   Type           Power      Damage    Failure   Level
 Conjure Flame            Conj/Fire      52%        6-21      1%          3
 Inner Flame              Hex/Fire       39%        N/A       1%          3


Dungeon Overview and Level Annotations

Branches:
Dungeon (1/1)

Altars:
Makhleb
Xom
Jiyva
Lugonu


Message History

The sticky flame hits the hellwing but does no damage.
The hellwing is lightly wounded.
The hellwing is covered in liquid flames!
The hellwing burns!
The hellwing hits you. The hellwing completely misses you.
The hellwing burns!
The kobold demonologist casts a spell.
The hellwing burns!
There is an open door here.
Things that are here:
a +0 scythe; a +0 robe
Casting: Sticky Flame (dangerous; 1% risk of failure)
Confirm with . or Enter, or press ? or * to list all spells.
The spell is quite dangerous to cast (3% risk of failure)!
Continue anyway?
Okay, then.
Casting: Fireball (quite dangerous; 3% risk of failure)
Confirm with . or Enter, or press ? or * to list all spells.
The spell is quite dangerous to cast (3% risk of failure)!
Continue anyway?
Aiming: Fireball (quite dangerous; 3% risk of failure)
Press: ? - help, Shift-Dir - straight line, p - hellwing The fireball explodes!
The fireball engulfs the hellwing.
The hellwing is moderately wounded.
The fireball engulfs the kobold demonologist!
The kobold demonologist is heavily wounded.
The hellwing burns!
The hellwing hits you.
The hellwing hits you but does no damage.
Casting: Fireball (quite dangerous; 3% risk of failure)
Confirm with . or Enter, or press ? or * to list all spells.
The spell is quite dangerous to cast (3% risk of failure)!
Continue anyway?
Aiming: Fireball (quite dangerous; 3% risk of failure)
Press: ? - help, Shift-Dir - straight line The fireball explodes!
The fireball engulfs the hellwing!
The hellwing is severely wounded.
The fireball engulfs the kobold demonologist!!
The kobold demonologist is almost dead.
The fireball engulfs the kobold demonologist!
The kobold demonologist is severely wounded.
The hellwing burns!
The hellwing stops burning.
The kobold demonologist miscasts a cantrip.
The hellwing hits you!
You die...

##########################
#<.#..'..#..K..#__#..'5..#
#..[..#..@4K#..K.5'..#.5.#
#..#####'#####+#4_#### .5+
#..# #..# #### ## #..#
#### #.)# #⌠⌠# ####


You could see a hellwing (summoned) and 2 kobold demonologists.

Vanquished Creatures
  A slime creature (D)
  Sigmund (D)
  A floating eye (D)
  An ogre (D)
  Ijyb (D)
5 creatures vanquished.

Vanquished Creatures (others)
  16 foxfires (D)
16 creatures vanquished.

Grand Total: 21 creatures vanquished

Notes
Turn   | Place    | Note
-------+----------+-------------------------------------------
     0 | D        | Banquo the Deep Elf Fire Elementalist began the quest for
                  | the Orb.
     0 | D        | Reached XP level 1. HP: 10/10 MP: 6/6
     1 | D        | Noticed Ijyb
    17 | D        | Killed Ijyb
    18 | D        | Reached skill level 5 in Spellcasting
    18 | D        | Reached skill level 5 in Fire Magic
    18 | D        | Reached XP level 2. HP: 9/15 MP: 5/10
   176 | D        | Noticed an ogre
   193 | D        | Killed an ogre
   194 | D        | Reached skill level 8 in Fire Magic
   194 | D        | Reached XP level 3. HP: 3/19 MP: 7/13
   194 | D        | Reached XP level 4. HP: 4/24 MP: 7/14
   199 | D        | Learned a level 4 spell: Sticky Flame
   466 | D        | Noticed Sigmund
   475 | D        | Killed Sigmund
   476 | D        | Reached skill level 11 in Fire Magic
   476 | D        | Reached XP level 5. HP: 28/28 MP: 10/17
   534 | D        | Found a burning altar of Makhleb.
   534 | D        | Found a viscous altar of Jiyva.
   534 | D        | Found a shimmering altar of Xom.
   534 | D        | Found a corrupted altar of Lugonu.
   534 | D        | Noticed a slime creature
   554 | D        | Killed a slime creature
   555 | D        | Reached skill level 5 in Conjurations
   555 | D        | Reached skill level 13 in Fire Magic
   555 | D        | Reached XP level 6. HP: 24/32 MP: 11/19
   636 | D        | Learned a level 5 spell: Fireball
   649 | D        | Noticed a kobold demonologist
   649 | D        | Noticed a floating eye
   649 | D        | Noticed a kobold demonologist
   651 | D        | Noticed a hellwing
   651 | D        | Killed a floating eye
   652 | D        | Reached XP level 7. HP: 36/36 MP: 10/21
   668 | D        | Noticed a chaos spawn
   670 | D        | Slain by a hellwing

Illustrated notes

Levels and vault maps discovered:
D:        dungeon_sprint_1 [red_sonja_temple_1, red_sonja_temple_small_1]

Skill      XL: |  1  2  3  4  5  6 |
---------------+-------------------+-----
Spellcasting   | 5 6 8 9 |  9.2
Fire Magic     | 5 8 11 13 | 13.5
Conjurations   | 3 4 5 6 |  6.0
Dodging        | |  2.4
Stealth        | |  2.4

Action                   |  1- 3 |  4- 6 |  7- 9 || total
-------------------------+-------+-------+-------++-------
Melee: Unarmed           |    11 |       |       ||    11
 Cast: Foxfire           |     7 |     1 |       ||     8
       Sticky Flame      |       |     4 |     2 ||     6
       Fireball          |       |     1 |     3 ||     4
  Use: Potion            |     2 |     1 |     1 ||     4
Armor: Robe              |     1 |     1 |     1 ||     3
Dodge: Dodged            |     4 |     3 |     5 ||    12

Table legend: (Time is in decaauts)
 A = Elapsed time spent in this place.
 B = Non-inter-level travel time spent in this place.
 C = Inter-level travel time spent in this place.
 D = Time resting spent in this place.
 E = Time spent auto-exploring this place.
 F = Levels seen in this place.
 G = Mean time per level.
                   A        B        C        D        E       F      G
               +--------+--------+--------+--------+--------+-----+--------+
         Total |    663 |    663 |      0 |    507 |      0 |   1 |  663.0 |
       Dungeon |    663 |    663 |      0 |    507 |      0 |   1 |  663.0 |
               +--------+--------+--------+--------+--------+-----+--------+

Top non-repeatable levels by time:
       D: 663 daAuts
